 Dungeon Crawl Stone Soup version 0.20-a0-820-g557356e (webtiles) character file.

16082 M4edhros the Covert (level 12, -1/72 HPs)
             Began as an Octopode Artificer on Mar 4, 2017.
             Was an Elder of Fedhas.
             Shot with a bolt by a yaktaur (25 damage)
             ... on level 13 of the Dungeon.
             The game lasted 00:23:42 (22505 turns).

M4edhros the Covert (Octopode Artificer)           Turns: 22505, Time: 00:23:42

Health: -1/72      AC:  3    Str: 14    XL:     12   Next: 33%
Magic:  18/19      EV: 22    Int: 12    God:    Fedhas [****..]
Gold:   765        SH: 16    Dex: 14    Spells: 8/20 levels left

rFire    + + +     SeeInvis +   E - +0 dagger (venom)
rCold    . . .     Gourm    .   B - +0 shield
rNeg     + + +     Faith    .   H - +0 hat
rPois    .         Spirit   .   t - +5 amulet of reflection
rElec    +         Reflect  +   G - ring of stealth
rCorr    .         Harm     .   l - +3 ring of evasion
MR       +....                  O - ring of positive energy
Stlth    +++++++...             R - ring of the Past {rElec rF+++ rN+ Int-2 Stlth-}
Regen    0.3/turn               W - ring of see invisible
MPRegen  0.2/turn               p - ring of positive energy
                                (no ring)
                                (no ring)

@: no status effects
A: almost no armour, stealthy swim, amphibious, 8 rings, constrict 8, repulsion
field 1, slimy green scales 1, camouflage 1, blurry vision 1, clumsy 1,
deterioration 1, frail 1, magic resistance 1, electricity resistance, strong 1,
gelatinous body 1
a: Fungal Bloom, Evolution, Sunlight, Growth, Reproduction, Renounce Religion


You were on level 13 of the Dungeon.
You worshipped Fedhas.
Fedhas was greatly pleased with you.
You were not hungry.

You visited 2 branches of the dungeon, and saw 14 of its levels.

You collected 765 gold pieces.

Inventory:

Hand Weapons
 v - a +0 short sword of draining
 x - a +3 hunting sling of freezing
 E - a +0 dagger of venom (weapon)
Missiles
 f - 124 sling bullets
 s - 7 javelins of returning (quivered)
 N - 366 stones
Armour
 B - a +0 shield (worn)
 H - a +0 hat (worn)
Jewellery
 l - a +3 ring of evasion (right tentacle)
 p - a ring of positive energy (on tentacle)
 t - a +5 amulet of reflection (around mantle)
 G - a ring of stealth (left tentacle)
 O - a ring of positive energy (on tentacle)
 R - the ring of the Past (on tentacle) {rElec rF+++ rN+ Int-2 Stlth-}
   (You found it on level 9 of the Dungeon)

   [ring of positive energy]

   It affects your intelligence (-2).
   It renders you almost immune to fire.
   It insulates you from electricity.
   It protects you from negative energy.
   It makes you less stealthy.
 W - a ring of see invisible (on tentacle)
Wands
 c - a wand of enslavement (10/24)
 d - a wand of random effects (4/48)
 h - a wand of iceblast (4/15)
 m - a wand of paralysis (4/24)
 o - a wand of iceblast (4/15)
 T - a wand of disintegration (11/24)
 V - a wand of paralysis (17/24)
 Z - a wand of scattershot (1/9)
Scrolls
 g - 2 scrolls of fog
 i - 3 scrolls of amnesia
 q - 6 scrolls of teleportation
 r - 5 scrolls of enchant armour
 y - 2 scrolls of magic mapping
 U - a scroll of blinking
Potions
 b - a potion of mutation {unknown}
 e - 3 potions of lignification
 j - 3 potions of curing
 n - a potion of resistance {unknown}
 u - 4 potions of heal wounds
 w - 2 potions of flight
 A - a potion of berserk rage
 D - 4 potions of agility
 F - 2 potions of cancellation
 L - 2 potions of brilliance
 P - a potion of might {unknown}
 Q - a potion of degeneration {unknown}
 S - a potion of ambrosia {unknown}
Books
 k - a book of Battle

   Spells                             Type                      Level
   a - Infusion                       Charms                       1
   b - Shroud of Golubria             Charms/Translocation         2
   c - Song of Slaying                Charms                       2
   d - Spectral Weapon                Hexes/Charms                 3
   e - Regeneration                   Charms/Necromancy            3
 z - a book of Callings

   Spells                             Type                      Level
   a - Summon Small Mammal            Summoning                    1
   b - Call Imp                       Summoning                    2
   c - Call Canine Familiar           Summoning                    3
   d - Summon Guardian Golem          Hexes/Summoning              3
   e - Summon Lightning Spire         Summoning/Air                4
   f - Summon Ice Beast               Ice/Summoning                4
Comestibles
 a - 9 bread rations
 I - 6 fruits


   Skills:
 + Level 7.3 Fighting
 - Level 1.0 Short Blades
 + Level 7.8 Dodging
 - Level 12.8 Stealth
 * Level 9.2 Shields
 + Level 4.7 Spellcasting
 - Level 5.3 Charms
 - Level 5.0 Necromancy
 * Level 5.9 Invocations
 - Level 3.2 Evocations


You had 8 spell levels left.
You knew the following spells:

 Your Spells              Type           Power        Failure   Level  Hunger
a - Regeneration          Chrm/Necr      ###.......   17%         3    ###....
b - Spectral Weapon       Hex/Chrm       #.......     50%         3    ###....
c - Song of Slaying       Chrm           ###.....     10%         2    ##.....
d - Summon Lightning Spi  Summ/Air       #.......     100%        4    ####...


Dungeon Overview and Level Annotations

Branches:
Dungeon (13/15)            Temple (1/1) D:7            Lair (0/6) D:8
    Orc (0/2) D:9
 Vaults: D:13-14

Altars:
Ashenzari
Cheibriados
Dithmenos
Elyvilon
Fedhas
Gozag
Hepliaklqana
Kikubaaqudgha
Makhleb
Nemelex Xobeh
Okawaru
Qazlal
Ru
Sif Muna
Trog
Uskayaw
Vehumet
Wu Jian
Xom
Yredelemnul
Zin
The Shining One

Shops:
D:5 *   D:9 :   D:12 %


Innate Abilities, Weirdness & Mutations

You cannot wear most types of armour.
You are very stealthy in the water. (Stealth+)
You are amphibious.
You can wear up to eight rings at the same time.
You can use your tentacles to constrict eight enemies at once.
Your skin changes colour to match your surroundings (Stealth+).
Your rubbery body absorbs attacks. (AC +1, EV +1)
You are surrounded by a mild repulsion field. (EV +2)
You are partially covered in slimy green scales. (AC +2)
Scrolls take you a little longer to read.
You are clumsy. (Dex -2)
Your body sometimes deteriorates upon taking damage.
You are frail. (-10% HP)
You are resistant to hostile enchantments. (MR+)
You are resistant to electric shocks. (rElec)
Your muscles are strong. (Str +2)


Message History

Unknown command.
The orc sorcerer points at you and mumbles some strange words.
You resist with almost no effort.
The deep elf archer unwields an uncursed short sword.
The deep elf archer wields an uncursed longbow.
The deep elf archer shoots an arrow.
The arrow hits you!!
* * * LOW HITPOINT WARNING * * *
You feel much better.
The orc sorcerer hits you with a dagger.
The human shoots a bolt.
The bolt hits you! You block the vault guard's attack.
Your surroundings suddenly seem different.
Floosh!
An orc knight comes into view. It is wielding a great sword.
The orc knight shouts!
A yaktaur comes into view.
The yaktaur shouts!
The orc knight hits you with a great sword!
The yaktaur wields an arbalest.
The yaktaur shoots a bolt.
The bolt hits you!!
You die...
Fedhas appreciates your contribution to the ecosystem.

,,,,,,,,,,,,,≈≈≈≈#####.e.#
****,,*****#.≈≈≈≈# #...#
*,,***###..≈≈≈#***#.o.#****
*,,,**......O.+,,,...4#⌠,⌠*
****,*,**........+,,.#...+,∩,*
,,**,,,,,........+,,,,,,,*⌠,⌠*
*,,,,*,**.....≈≈≈#****,,,*****
,*,,**,**....≈≈≈≈# *,,,*
∩,*,,,,****#.≈≈≈@#****,,,*
,*,,**** #.≈≈≈≈o...#,,,* *,,,*
#.≈≈≈≈c...+,,,* ,,,,*
*##.≈≈≈#...#,,,*
*,,,*******....≈≈#####****
***,**,,,,..###..# *,**,**###*
#### * *,,,,* ##******


You could see an orc knight, a yaktaur and an ogre (wandering).

Vanquished Creatures
  A hydra (D:11)
  3 two-headed ogres
  The ghost of Mulkerokala the Summoner, a novice DESu of Ashenzari (D:11)
  An ugly thing (D:12)
  A cyclops (D:12)
  Maurice (D:9)
  Joseph (D:7)
  A troll (D:11)
  A blink frog (shapeshifter) (D:12)
  A hippogriff (D:8)
  Sigmund (D:4)
  A spriggan (D:9)
  A shadow (D:12)
  A wyvern (D:8)
  A yak (D:9)
  The ghost of katzbalger the Slasher, an amateur HuGl (D:3)
  A basilisk (D:12)
  2 hungry ghosts
  Edmund (D:4)
  Menkaure (D:5)
  2 hell hounds (D:8)
  Duvessa (D:5)
  6 orc warriors
  An ice beast (D:7)
  5 ogres
  2 sky beasts
  3 phantoms
  4 centaurs
  8 bullfrogs
  3 big kobolds
  A wyvern skeleton (D:12)
  3 scorpions
  21 killer bees
  3 howler monkeys
  A crimson imp (D:11)
  7 hounds
  3 bullfrog skeletons
  3 jellies
  5 orc priests
  5 centaur skeletons
  11 orc wizards
  3 iguanas
  12 worker ants
  A hound zombie (D:5)
  Robin (D:4)
  A howler monkey zombie (D:11)
  18 adders
  A howler monkey skeleton (D:7)
  2 shadow imps
  An ooze (D:2)
  An adder skeleton (D:4)
  5 worms
  2 dart slugs
  4 leopard geckos
  33 orcs
  2 ball pythons
  7 giant cockroaches
  11 hobgoblins
  10 jackals
  19 kobolds
  7 quokkas
  7 bats
  10 frilled lizards
  9 goblins
  A leopard gecko skeleton (D:4)
  6 rats
295 creatures vanquished.

Vanquished Creatures (collateral kills)
  Snorg (D:13)
  3 two-headed ogres
  2 centaur skeletons
  A komodo dragon (D:8)
  4 yaks (D:9)
  A shadow (D:10)
  An orc warrior (D:9)
  An ice beast (D:9)
  A sky beast (D:10)
  A phantom (D:11)
  A centaur (D:11)
  A big kobold (D:10)
  A scorpion (D:10)
  Dowan (D:5)
  3 killer bees
  An orc priest (D:8)
  A hound (D:10)
  3 orc wizards
  2 hound skeletons (D:10)
  8 orcs
  A jackal (D:10)
  7 kobolds
  A ballistomycete spore (D:13)
47 creatures vanquished.

Vanquished Creatures (others)
  2 centaurs
  An orc priest (D:10)
  An orc (D:10)
  A kobold (D:1)
  7 wandering mushrooms
  198 toadstools
210 creatures vanquished.

Grand Total: 552 creatures vanquished

Notes
Turn   | Place    | Note
-------+----------+-------------------------------------------
     0 | D:1      | M4edhros the Octopode Artificer began the quest for the Orb.
     0 | D:1      | Reached XP level 1. HP: 13/13 MP: 3/3
   103 | D:1      | Reached skill level 2 in Stealth
   185 | D:1      | Reached XP level 2. HP: 15/18 MP: 4/4
   197 | D:1      | Reached skill level 3 in Stealth
   718 | D:2      | Reached skill level 4 in Stealth
   724 | D:2      | Reached XP level 3. HP: 21/23 MP: 5/5
   753 | D:3      | Noticed katzbalger's ghost (amateur HuGl)
   791 | D:4      | Noticed a phantom
   818 | D:5      | Entered Level 5 of the Dungeon
   902 | D:5      | Reached skill level 5 in Stealth
   924 | D:5      | Found a white marble altar of Elyvilon.
   950 | D:5      | Noticed Menkaure
   953 | D:5      | Killed Menkaure
   953 | D:5      | Reached skill level 7 in Stealth
   953 | D:5      | Reached XP level 4. HP: 25/28 MP: 6/6
   953 | D:5      | Reached XP level 5. HP: 30/33 MP: 7/7
   958 | D:5      | Found an ancient bone altar of Kikubaaqudgha.
   989 | D:5      | Reached skill level 8 in Stealth
  1096 | D:5      | Noticed Duvessa
  1096 | D:5      | Noticed Dowan
  1106 | D:5      | Killed Dowan
  1106 | D:5      | Reached XP level 6. HP: 7/38 MP: 8/8
  1534 | D:5      | Reached skill level 9 in Stealth
  1837 | D:5      | Found Onluev's Assorted Antiques.
  1988 | D:5      | Killed Duvessa
  1988 | D:5      | Reached skill level 10 in Stealth
  1988 | D:5      | Reached XP level 7. HP: 39/43 MP: 9/9
  2557 | D:4      | Reached skill level 11 in Stealth
  2704 | D:4      | Reached skill level 1 in Shields
  2814 | D:4      | Noticed Robin
  2824 | D:4      | Killed Robin
  2886 | D:4      | Reached XP level 8. HP: 50/50 MP: 10/10
  2939 | D:4      | Noticed Sigmund
  2946 | D:4      | Killed Sigmund
  2965 | D:4      | Noticed Edmund
  2969 | D:4      | Killed Edmund
  3838 | D:7      | Reached skill level 12 in Stealth
  3898 | D:7      | Reached XP level 9. HP: 49/58 MP: 11/11
  4146 | D:7      | Found a staircase to the Ecumenical Temple.
  4162 | Temple   | Entered the Ecumenical Temple
  4208 | Temple   | Became a worshipper of Xom of Chaos
  4783 | D:7      | XOM: potion effect (berserk rage)
  4826 | D:7      | XOM: summons friendly white imp
  6191 | Temple   | XOM: harmless Conj miscast
  6481 | Temple   | XOM: cloud trail
  6794 | Temple   | XOM is BORED!
  6794 | Temple   | XOM: stat loss: -2 Int (11/13)
  7037 | Temple   | XOM: medium Chrm miscast
  7352 | Temple   | XOM: give mutations
  7352 | Temple   | Gained mutation: You are dopey. (Int -2) [Xom's mischief]
  7352 | Temple   | Lost mutation: You are dopey. (Int -2) [Xom's mischief]
  7352 | Temple   | Gained mutation: Your body sometimes deteriorates upon taking damage. [Xom's mischief]
  7531 | Temple   | XOM: harmless Hex miscast
  8346 | Temple   | XOM: harmless Fire miscast
  8637 | Temple   | XOM: god gift: 7 javelins of returning
  8738 | Temple   | XOM: divination: magic mapping
  9050 | Temple   | XOM: give mutations
  9050 | Temple   | Gained mutation: You are partially covered in slimy green scales. (AC +2) [Xom's grace]
  9050 | Temple   | Gained mutation: One of your tentacles bears a spike. [Xom's grace]
  9050 | Temple   | Gained mutation: One of your tentacles bears a nasty spike. [Xom's grace]
  9071 | Temple   | XOM is BORED!
  9071 | Temple   | XOM: mild Necr miscast
 10033 | Temple   | XOM is BORED!
 10033 | Temple   | XOM: give mutations
 10033 | Temple   | Gained mutation: You occasionally shout uncontrollably at your foes. [Xom's mischief]
 10033 | Temple   | Lost mutation: One of your tentacles bears a nasty spike. [Xom's mischief]
 10033 | Temple   | Gained mutation: Your spells are a little harder to cast, but a little more powerful. [Xom's mischief]
 10033 | Temple   | Gained mutation: You do not regenerate when monsters are visible. [Xom's mischief]
 10331 | Temple   | XOM: silly message
 10625 | Temple   | XOM: give mutation
 10625 | Temple   | Lost mutation: You occasionally shout uncontrollably at your foes. [Xom's mischief]
 10974 | Temple   | XOM: give mutations
 10974 | Temple   | Gained mutation: You are surrounded by a mild repulsion field. (EV +2) [Xom's grace]
 10974 | Temple   | Gained mutation: You are resistant to hostile enchantments. (MR+) [Xom's grace]
 11040 | Temple   | XOM: give mutations
 11040 | Temple   | Gained mutation: Your body often deteriorates upon taking damage. [Xom's mischief]
 11040 | Temple   | Gained mutation: You are clumsy. (Dex -2) [Xom's mischief]
 11040 | Temple   | Gained mutation: You are dopey. (Int -2) [Xom's mischief]
 11213 | Temple   | XOM: give mutation
 11213 | Temple   | Gained mutation: You are resistant to electric shocks. (rElec) [Xom's mischief]
 11519 | Temple   | XOM: summons 4 hostile demons
 11523 | D:7      | XOM: noise
 11834 | Temple   | XOM: divination: magic mapping
 12441 | Temple   | XOM: god gift: trident {god gift}
 12486 | Temple   | XOM: cloud trail
 13795 | Temple   | XOM: harmless Pois miscast
 13902 | Temple   | XOM: divination: detect items
 13907 | Temple   | Fell from the grace of Xom
 13907 | Temple   | Became a worshipper of Fedhas Madash
 14855 | D:2      | Found a bloodstained altar of Trog.
 14963 | D:2      | Reached * piety under Fedhas
 15288 | D:2      | XOM: give mutations
 15288 | D:2      | Lost mutation: One of your tentacles bears a spike. [Xom's mischief]
 15288 | D:2      | Gained mutation: You are very dopey. (Int -4) [Xom's mischief]
 15391 | D:3      | Killed katzbalger's ghost
 15391 | D:3      | Reached skill level 5 in Dodging
 16805 | D:6      | Reached ** piety under Fedhas
 17364 | D:7      | Noticed Joseph
 17489 | D:7      | Killed Joseph
 17489 | D:7      | Reached skill level 5 in Shields
 17519 | D:7      | XOM: mild Air miscast
 17534 | D:7      | XOM: give mutations
 17534 | D:7      | Lost mutation: You are very dopey. (Int -4) [Xom's mischief]
 17534 | D:7      | Lost mutation: You do not regenerate when monsters are visible. [Xom's mischief]
 17534 | D:7      | Gained mutation: Your muscles are strong. (Str +2) [Xom's mischief]
 17701 | D:7      | XOM: give mutations
 17701 | D:7      | Gained mutation: You are frail. (-10% HP) [Xom's mischief]
 17701 | D:7      | Lost mutation: Your body often deteriorates upon taking damage. [Xom's mischief]
 17786 | D:7      | Learned a level 3 spell: Regeneration
 18197 | D:8      | Noticed a komodo dragon
 18207 | D:8      | Killed a komodo dragon
 18254 | D:8      | Reached skill level 5 in Fighting
 18254 | D:8      | Reached skill level 1 in Spellcasting
 18262 | D:8      | Reached skill level 1 in Charms
 18302 | D:8      | Reached skill level 1 in Necromancy
 18359 | D:8      | Found a staircase to the Lair.
 18391 | D:8      | Reached XP level 10. HP: 55/59 MP: 12/12
 18548 | D:8      | Noticed a two-headed ogre
 18561 | D:8      | Killed a two-headed ogre
 19014 | D:9      | XOM: summons 6 hostile demons
 19034 | D:9      | Noticed a two-headed ogre
 19051 | D:9      | Killed a two-headed ogre
 19637 | D:9      | XOM: give mutations
 19637 | D:9      | Lost mutation: You are dopey. (Int -2) [Xom's mischief]
 19637 | D:9      | Lost mutation: Your spells are a little harder to cast, but a little more powerful. [Xom's mischief]
 19771 | D:9      | Found Tyfoij's Book Emporium.
 19780 | D:9      | XOM: polymorph wandering mushroom -> oklob plant
 19841 | D:9      | Noticed Maurice
 19848 | D:9      | Killed Maurice
 19848 | D:9      | Reached skill level 1 in Invocations
 19848 | D:9      | Reached XP level 11. HP: 64/64 MP: 15/15
 19954 | D:9      | Got a sparkling platinum ring
 19982 | D:9      | Found a staircase to the Orcish Mines.
 20182 | D:10     | Entered Level 10 of the Dungeon
 20182 | D:10     | Noticed a two-headed ogre
 20184 | D:10     | Killed a two-headed ogre
 20227 | D:10     | Reached *** piety under Fedhas
 20319 | D:10     | Noticed a two-headed ogre
 20340 | D:10     | Killed a two-headed ogre
 20378 | D:10     | Noticed a two-headed ogre
 20398 | D:10     | Killed a two-headed ogre
 20597 | D:10     | XOM: noise
 20727 | D:11     | Identified the ring of the Past {rElec rF+++ rN+ Int-2 Stlth-} (You found it on level 9 of the Dungeon)
 20793 | D:11     | XOM: noise
 20804 | D:11     | Reached **** piety under Fedhas
 20959 | D:11     | Noticed a four-headed hydra
 20969 | D:11     | Killed a four-headed hydra
 21021 | D:11     | Noticed Mulkerokala's ghost (novice DESu)
 21029 | D:11     | Killed Mulkerokala's ghost
 21229 | D:11     | Noticed a two-headed ogre
 21245 | D:11     | Killed a two-headed ogre
 21532 | D:12     | Reached skill level 5 in Charms
 21542 | D:12     | Reached XP level 12. HP: 35/72 MP: 18/18
 21580 | D:12     | Reached skill level 5 in Invocations
 21782 | D:12     | Found Qiureghi's Food Shoppe.
 21834 | D:12     | Gained mutation: Scrolls take you a little longer to read. [mutagenic meat]
 21920 | D:12     | XOM: noise
 22179 | D:12     | Reached skill level 5 in Necromancy
 22457 | D:13     | Learned a level 3 spell: Spectral Weapon
 22460 | D:13     | Learned a level 2 spell: Song of Slaying
 22465 | D:13     | Learned a level 4 spell: Summon Lightning Spire
 22475 | D:13     | Noticed Snorg
 22497 | D:13     | Killed Snorg
 22497 | D:13     | XOM: 4-stop teleportation journey
 22498 | D:13     | Noticed a vault guard
 22505 | D:13     | Shot with a bolt by a yaktaur

Vault maps used:
D:1:      lightli_arrival_quake
D:2:      trog_three_pillars_becter
D:3:      first_bread
D:4:      sigmund_edmund_badplayer, uniq_robin
D:5:      nicolae_overflow_crystal_walls, serial_shops, kennysheep_little_box,
          basic_altar, uniq_menkaure, uniq_duvessa
D:7:      minmay_temple_entry_trees, uniq_joseph
D:8:      minmay_lair_entry_lava
D:9:      orc_0_dummy, serial_shops, nicolae_shop_waterfront, the_bakery,
          uniq_maurice
D:10:     hangedman_abyss_or_decor_slice
D:12:     serial_shops, nicolae_shop_behind_doors
D:13:     grunt_vaults_entry_fortified, portal_ice_cave_entry_pillars_2,
          serial_shops, shop_statue, hangedman_decor_opposing, uniq_snorg
Temple:   grunt_wide_crystal_templ

Skill      XL: |  1  2  3  4  5  6  7  8  9 10 11 12 |
---------------+-------------------------------------+-----
Stealth        | 2 4 7 8 10 11 12 | 12.8
Shields        | 1 3 5 7 8 9 |  9.2
Fighting       | 3 5 6 7 |  7.3
Dodging        | 4 6 7 |  7.8
Spellcasting   | 1 3 4 |  4.7
Charms         | 1 3 5 |  5.3
Necromancy     | 1 3 4 5 |  5.0
Invocations    | 1 4 5 |  5.9
Short Blades   | |  1.0
Evocations     | |  3.2

Action                   |  1- 3 |  4- 6 |  7- 9 | 10-12 || total
-------------------------+-------+-------+-------+-------++-------
Melee: Short sword       |    46 |    39 |   115 |       ||   200
       Constrict         |    10 |     8 |    68 |    75 ||   161
       Tentacles         |     3 |     8 |    77 |   121 ||   209
       Falchion          |       |       |   153 |       ||   153
       Dagger            |       |       |   143 |   459 ||   602
       Kick              |       |       |    16 |       ||    16
 Fire: Hunting sling     |       |       |     5 |     4 ||     9
Invok: Fungal Bloom      |       |       |    34 |    47 ||    81
       Evolution         |       |       |     2 |     8 ||    10
       Sunlight          |       |       |       |     4 ||     4
       Reproduction      |       |       |       |     1 ||     1
Evoke: Wand              |     5 |    10 |    13 |    14 ||    42
  Use: Scroll            |       |     4 |    12 |     8 ||    24
       Potion            |       |       |     3 |     5 ||     8
 Stab: Sleeping          |    11 |     4 |    48 |    23 ||    86
       Distracted        |       |       |     2 |     2 ||     4
       Paralysed         |       |       |       |     3 ||     3
       Confused          |       |       |       |     2 ||     2
  Eat: Chunk             |       |     3 |    15 |     4 ||    22
       Bread ration      |       |       |     6 |     2 ||     8
       Royal jelly       |       |       |     2 |     2 ||     4
       Meat ration       |       |       |     1 |     1 ||     2
Armor: Skin              |     2 |     2 |    31 |    26 ||    61
Dodge: Dodged            |    26 |    23 |   115 |   287 ||   451
Block: Buckler           |       |       |    20 |       ||    20
       Shield            |       |       |   199 |   408 ||   607
       Reflection        |       |       |    13 |    15 ||    28
       Rpst.: Falchion   |       |       |    20 |       ||    20
